 Dungeon Crawl Stone Soup version 0.25.1-2-g60ff931df9 (webtiles) character file.

Game seed: 4070041462798704268

74 Cazemata the Chopper (level 4, -1/35 HPs)
             Began as a Demonspawn Berserker on Oct 15, 2020.
             Was a Follower of Trog.
             Slain by an adder (2 damage)
             ... on level 2 of the Dungeon.
             The game lasted 00:08:17 (1339 turns).

Cazemata the Chopper (Demonspawn Berserker)         Turns: 1339, Time: 00:08:17

Health: -1/35      AC:  3    Str: 18    XL:     4   Next: 9%
Magic:  4/4        EV: 12    Int:  9    God:    Trog [*.....]
Gold:   36         SH:  0    Dex: 12    Spells: 3/3 levels left

rFire    + . .     SeeInvis .   a - +0 hand axe
rCold    . . .     Gourm    .   (no shield)
rNeg     . . .     Faith    .   e - +0 leather armour
rPois    .         Spirit   .   (helmet restricted)
rElec    .         Reflect  .   (no cloak)
rCorr    .         Harm     .   (no gloves)
MR       .....                  (no boots)
Stlth    +.........             (no amulet)
HPRegen  0.11/turn              (no ring)
MPRegen  0.09/turn              (no ring)

@: lethally poisoned (-1 -> -7)
A: horns 1, fire resistance 1
a: Berserk, Renounce Religion


You were on level 2 of the Dungeon.
You worshipped Trog.
Trog was aware of your devotion.
You were hungry.

You visited 1 branch of the dungeon, and saw 2 of its levels.

You collected 36 gold pieces.

Inventory:

Hand Weapons
 a - a +0 hand axe (weapon)
Armour
 b - a +0 animal skin
 e - a +0 leather armour (worn)
 m - a +0 helmet
Jewellery
 f - an uncursed ring of stealth {unknown}
 n - a cursed ring of ice {unknown}
Potions
 d - 2 potions of magic {unknown}
 g - 2 potions of brilliance {unknown}
 i - 2 potions of haste {unknown}
 l - a potion of curing {unknown}
Comestibles
 c - a ration


   Skills:
 + Level 3.4 Fighting
 + Level 3.6 Axes
 + Level 2.3 Armour
 + Level 2.2 Dodging


You had 3 spell levels left.
You didn't know any spells.
Your spell library was empty.

Dungeon Overview and Level Annotations

Branches:
Dungeon (2/15)

Altars:
Fedhas


Innate Abilities, Weirdness & Mutations

You have a pair of small horns on your head.
Your flesh is heat resistant. (rF+)


Message History

The adder bites you. The adder bites you. The adder bites you.
You are poisoned.
The adder poisons you! The adder misses you.
You feel sick. The adder completely misses you. The adder bites you.
The adder barely misses you.
You feel sick. The adder barely misses you. The adder bites you.
* * * LOW HITPOINT WARNING * * *
The adder bites you.
* * * LOW HITPOINT WARNING * * *
You are more poisoned.
The adder poisons you!
* * * LOW HITPOINT WARNING * * *
You feel sick. The adder barely misses you. The adder misses you.
The adder bites you but does no damage.
* * * LOW HITPOINT WARNING * * *
You feel sick. The adder bites you.
You die...

.......# #.# #..#
#.#.##..###.###..#
...#.##..........##
### #.##.#.......##
#+##.#......##
#........#
###......# ##.....#
###@### #S# #w.
.#.# . .# .. .. ..
.. ... ...


You could see a worm and an adder.

Vanquished Creatures
  4 adders (D:2)
  2 worms (D:2)
  A dart slug (D:1)
  A leopard gecko (D:2)
  A giant cockroach (D:1)
  2 goblins (D:2)
  9 hobgoblins
  3 bats
  3 frilled lizards (D:1)
  A kobold (D:1)
  3 rats
30 creatures vanquished.

Notes
Turn   | Place    | Note
-------+----------+-------------------------------------------
     0 | D:1      | Cazemata the Demonspawn Berserker began the quest for the
                  | Orb.
     0 | D:1      | Reached XP level 1. HP: 18/18 MP: 1/1
   290 | D:1      | Gained mutation: You have a pair of small horns on your
                  | head. [demonic ancestry]
   290 | D:1      | Reached XP level 2. HP: 16/24 MP: 2/2
   847 | D:2      | Gained mutation: Your flesh is heat resistant. (rF+)
                  | [demonic ancestry]
   847 | D:2      | Reached XP level 3. HP: 22/29 MP: 3/3
   930 | D:2      | HP: 1/29 [goblin/cursed -2 dagger (2)]
  1266 | D:2      | Found a blossoming altar of Fedhas.
  1311 | D:2      | Reached XP level 4. HP: 28/35 MP: 4/4
  1339 | D:2      | HP: 1/35 [poisoned by an adder]
  1339 | D:2      | Slain by an adder

Illustrated notes

Levels and vault maps discovered:
D:1:      dpeg_arrival_stone_temple_mockup, layout_basic, minmay_ruptured
D:2:      layout_basic, lemuel_doored_altar

Skill      XL: |  1  2 |
---------------+-------+-----
Armour         | 2 |  2.3
Axes           | 3 |  3.6
Dodging        | 2 |  2.2
Fighting       | |  3.4

Action                   |  1- 3 |  4- 6 || total
-------------------------+-------+-------++-------
Melee: Hand axe          |   120 |     2 ||   122
       Headbutt          |    12 |       ||    12
  Use: Scroll            |     3 |       ||     3
  Eat: Chunk             |     1 |       ||     1
Armor: Animal skin       |    11 |       ||    11
       Leather armour    |    16 |     2 ||    18
Dodge: Dodged            |    94 |    10 ||   104
